[Event "Maharashtra Challenge Matches 2023"]
[Site "Nagpur"]
[Date "2023.06.01"]
[Round "1.1"]
[White "Vidit, Santosh Gujrathi"]
[Black "Svidler, Peter"]
[Result "1-0"]
[Annotator "TA"]
[ECO "A20"]
[WhiteElo "2731"]
[BlackElo "2683"]
[PlyCount "59"]
[EventDate "2023.06.03"]
[EventType "match"]
[EventCountry "IND"]
[SourceTitle "playchess.com"]
[Source "ChessBase"]
[SourceQuality "1"]
[TimeControl "40/5400+30:1800+30"]

1. c4 e5 2. g3 d6 3. Nc3 f5 4. d4 Be7 5. Bh3 Na6 6. dxe5 {[%emt 0:13:46] A21: English Opening: 1...e5 2 Nc3.} dxe5 7. Qxd8+ Bxd8 8. Nf3 {[%emt 0:00:26] White is slightly better.} e4 9. Nd4 g6 10. Bf4 c6 11. O-O-O Nf6 12. f3 exf3 13. exf3 Kf7 14. Rhe1 {[%emt 0:03:17] [#]} Be7 $146 ({Predecessor:} 14... Bc7 15. Bxc7 Nxc7 16. f4 Be6 17. Nf3 {½-½ Vakhidov,J (2533)-Yakubboev,N (2605) Tashkent zt 3.4 2021 (6)}) 15. c5 Bxc5 ({Better is} 15... Nd5) 16. Bf1 $1 $16 Re8 {[%emt 0:05:16] Threatens to win with ...Rxe1.} 17. Bc4+ Kg7 {[%emt 0:00:13] aiming for ...Rxe1.} 18. Be5 {[%emt 0:03:01] And now Bxf6+ would win.} Nc7 {[%emt 0:01:05][%mdl 64] [#] Deflection} 19. g4 $1 ({Reject} 19. Bxc7 $6 Bxd4 20. Rxe8 Nxe8 21. Rxd4 Nxc7 $11) 19... Rxe5 20. Rxe5 Nd7 21. Ree1 $36 {[%emt 0:03:04][%mdl 2048] White is on the roll. White is much more active.} Nb6 {[%emt 0:00:21][%csl LRc4,LRg4] [#]} 22. Ne6+ $1 Bxe6 23. Bxe6 Kf6 24. Bb3 Rf8 {[%emt 0:01:08] This move loses the game for Black.} (24... Re8 $16 25. Rxe8 Nxe8) 25. h4 $18 h6 26. f4 Re8 27. g5+ Kg7 (27... hxg5 {was necessary.} 28. hxg5+ Kg7 29. Rxe8 Nxe8) 28. Rxe8 Nxe8 29. Rd8 Nd6 30. Kc2 {[%emt 0:02:38] Weighted Error Value: White=0.00 (flawless) /Black=0.15 (very precise)} 1-0

[Event "Maharashtra Challenge Matches 2023"]
[Site "Nagpur"]
[Date "2023.06.01"]
[Round "1.1"]
[White "Short, Nigel D"]
[Black "Sadhwani, Raunak"]
[Result "0-1"]
[Annotator "TA"]
[ECO "B47"]
[WhiteElo "2597"]
[BlackElo "2627"]
[PlyCount "56"]
[EventDate "2023.06.03"]
[EventType "match"]
[EventCountry "IND"]
[SourceTitle "playchess.com"]
[Source "ChessBase"]
[SourceQuality "1"]
[TimeControl "40/5400+30:1800+30"]

1. e4 c5 2. Nf3 Nc6 3. d4 cxd4 4. Nxd4 e6 5. Nc3 Qc7 6. g3 a6 7. Bg2 h5 8. f4 {[%emt 0:02:46] B47: Sicilian: Taimanov: 5 Nc3 Qc7 6 f4, 6 g3 and 6 Be2.} b5 {[%emt 0:07:49] [#]} 9. Be3 $146 ({Predecessor:} 9. Nb3 Bb7 10. Be3 Na5 11. Nxa5 Qxa5 12. a3 Nf6 13. O-O Qc7 14. h3 b4 15. axb4 Bxb4 {1-0 Shkuran,D (2386)-Ivanenko,O (2146) Lvov Tradition 03 2015 (8)}) 9... Bb7 10. Qd3 {[%emt 0:00:23] The position is equal.} (10. Nb3 $5 ) 10... Rc8 11. O-O-O Nf6 12. Kb1 Na5 13. Rhf1 Nc4 14. Bg1 b4 {[%emt 0:09:01] Black is more active.} (14... Bb4 $17 {[%cal Oc4b2] White must now prevent ...Nxb2!} 15. Nce2 Nd6) 15. Nce2 {[%emt 0:00:27] White does not recover from this.} (15. Na4 $11) 15... Nd6 $19 16. Bf3 {[%emt 0:05:53] e5 would be deadly.} Ndxe4 (16... Bxe4 17. Bxe4 Ndxe4 18. Nb3 $17) (16... Nfxe4 17. Nb3 $17) 17. Nb3 {[%emt 0:00:06] [#]} a5 $1 18. Ned4 Bd5 19. Rfe1 a4 20. Nb5 (20. Nd2 $17 {is a better defense.} Nc5 21. Qe2) 20... Qb7 (20... Qc6 21. Na7 Qa8 22. Nxc8 axb3 23. axb3 Qxc8 24. Bxe4 (24. Rxe4 Nxe4 25. Bxe4 Bxe4 $14) 24... Nxe4 25. Rxe4 Bxe4 26. Qxe4 $11) 21. Na5 Qa8 22. Bb6 (22. Ka1 $142) 22... Be7 {[%emt 0:03:32] aiming for ...0-0.} 23. Bxe4 ({Reject} 23. Nc7+ Rxc7 24. Bxe4 (24. Bxc7 $2 {perishes.} Nc5 $19) 24... Rc8 25. Bxd5 Nxd5 $19) 23... Bxe4 24. Nd6+ $2 (24. Nc7+ Rxc7 25. Rxe4) 24... Bxd6 {[%emt 0:00:10][%mdl 64] Deflection} 25. Qxd6 {[%emt 0:00:03][%cal Ob6c5] Bc5! is the strong threat.} Bxc2+ (25... Rxc2 $2 {too greedy.} 26. Ka1 Qc8 27. Bd4 $19 (27. Qxb4 $2 Bf3 $19)) 26. Ka1 Bxd1 27. Rxd1 {[%emt 0:00:03] [#]} Qd5 28. Rxd5 (28. Qxd5 Nxd5) 28... Rc1# {[%emt 0:00:03] Ingenious play by Sadhwani!   Weighted Error Value: White=0.72/Black=0.06 (flawless)} 0-1

[Event "Maharashtra Challenge Matches 2023"]
[Site "Nagpur"]
[Date "2023.06.02"]
[Round "2.1"]
[White "Svidler, Peter"]
[Black "Vidit, Santosh Gujrathi"]
[Result "1-0"]
[Annotator "TA"]
[ECO "D32"]
[WhiteElo "2683"]
[BlackElo "2731"]
[PlyCount "77"]
[EventDate "2023.06.03"]
[EventType "match"]
[EventCountry "IND"]
[SourceTitle "playchess.com"]
[Source "ChessBase"]
[SourceQuality "1"]
[TimeControl "40/5400+30:1800+30"]

1. c4 e6 2. Nc3 d5 3. d4 c5 4. cxd5 exd5 5. Nf3 Nf6 6. Bg5 Be6 7. e3 c4 {[%emt 0:01:55] D32: Tarrasch Defence: Sidelines and lines without g3.} 8. g3 $5 {[%emt 0:07:20][%mdl 4] Exploring less charted territory.} Bb4 9. Bg2 {[%emt 0:14:31] [#]} Bxc3+ $146 {[%emt 0:09:40] The position is equal.} ({Predecessor:} 9... O-O 10. O-O Bxc3 11. bxc3 Nbd7 12. Nd2 Qa5 13. Qc2 h6 14. Bf4 b5 15. Rfb1 Nb6 {½-½ Bykhovsky,A (2496)-Batsiashvili,N (2457) Titled Tuesday intern op 30th June blitz 2020 (3)}) 10. bxc3 Qa5 11. Bxf6 Qxc3+ 12. Nd2 $1 gxf6 13. O-O (13. Rc1 $14 Qb2 14. e4 Qxd4 15. exd5 Bxd5 16. O-O) 13... Nc6 $11 14. Rc1 Qd3 15. e4 (15. Qe1 $1 $16) 15... O-O-O (15... dxe4 $5 16. Bxe4 (16. Nxe4 Nxd4 17. Nxf6+ Kf8 $11) 16... Qxd4 $11) 16. exd5 Bxd5 {[%emt 0:00:11] [#]} 17. Nxc4 $1 {[%emt 0:00:19][%mdl 64] Discovered Attack} Qxd1 18. Rfxd1 {[%emt 0:00:23] Black must now prevent Bxd5.} Kb8 19. Ne3 Bxg2 20. Kxg2 Nxd4 21. Ng4 Rd6 {[%emt 0:00:52] [#]} 22. Nxf6 $1 {[%emt 0:06:31][%mdl 64] Deflection} Rxf6 23. Rxd4 Rc8 24. Rxc8+ Kxc8 $14 {[%emt 0:00:06][%mdl 4096] Endgame KR-KR} 25. g4 Kc7 26. g5 Rg6 (26... Rf5 $1 $14) 27. h4 $16 h6 {[%emt 0:06:13] [#]} (27... b5 $142) 28. f4 $1 {[%emt 0:01:43] Threatens to win with h5.} hxg5 29. fxg5 {[%emt 0:00:39] Rf4 would be deadly.} f6 30. Kg3 {[%emt 0:04:47] Strongly threatening Kg4.} ({Don't play} 30. Rc4+ $6 Kd7 $11) 30... fxg5 $2 {[%emt 0:00:25][%mdl 8192] [#] Loses the game.} (30... b5 $16) 31. h5 $1 $18 Rg8 32. Kg4 Kc6 33. h6 b5 34. Kh5 a5 35. h7 {[%emt 0:01:58][%mdl 64] Deflection. White mates.} Rb8 36. Rg4 b4 37. Rxg5 Rh8 38. Kg6 ({Weaker is} 38. Rxa5 Rxh7+ 39. Kg4 Rh2 $11) 38... a4 39. Kg7 {[%emt 0:00:30] Weighted Error Value: White=0.06 (flawless) /Black=0.36} 1-0

[Event "Maharashtra Challenge Matches 2023"]
[Site "Nagpur"]
[Date "2023.06.02"]
[Round "2.1"]
[White "Sadhwani, Raunak"]
[Black "Short, Nigel D"]
[Result "0-1"]
[Annotator "TA"]
[ECO "C18"]
[WhiteElo "2627"]
[BlackElo "2597"]
[PlyCount "70"]
[EventDate "2023.06.03"]
[EventType "match"]
[EventCountry "IND"]
[SourceTitle "playchess.com"]
[Source "ChessBase"]
[SourceQuality "1"]
[TimeControl "40/5400+30:1800+30"]

1. e4 e6 2. d4 d5 3. Nc3 Bb4 4. e5 c5 5. a3 Bxc3+ 6. bxc3 Nc6 7. Qg4 g6 8. h4 ({Reject} 8. dxc5 Nxe5 9. Bb5+ Bd7 $15) 8... Qa5 {[%emt 0:02:26] C18: French: 3 Nc3 Bb4: Main line: 7 h4 and 7 Qg4.} 9. Bd2 Qa4 10. h5 {[%emt 0:14:18] And now hxg6 would win.} Bd7 {[%emt 0:09:11] The position is equal.} 11. Nf3 O-O-O {[%emt 0:03:25] [#]} 12. Qf4 $146 ({Predecessor:} 12. hxg6 fxg6 13. Ng5 h5 14. Qh3 Nh6 15. Nxe6 cxd4 16. Nc5 Bxh3 17. Nxa4 Bf5 18. Bg5 Rde8 19. cxd4 Bxc2 20. Bxh6 Bxa4 {½-½ Koch,D (2150)-Brittner,S (2285) Luxembourg-chT 1314 2013 (6)}) 12... h6 13. dxc5 Qxc2 14. Nd4 ({But not} 14. Qxf7 Nge7 15. Qf4 g5 $11) 14... Qb2 15. Rc1 (15. Rd1 $5 g5 16. Qe3 $11) 15... g5 16. Qe3 {[%emt 0:01:05] aiming for Bd3.} Nge7 (16... Qxa3 $2 17. Nb5 Qa2 18. Bd3 $18) 17. Nb5 {[%emt 0:17:42] [#]} (17. g4 $11) 17... Nf5 $1 $17 18. Nd6+ Kb8 19. Qe2 {[%emt 0:00:16] [#]} Nxd6 ({Resist} 19... Qxa3 20. Nxf7 Na5 21. Qd1 $11) 20. cxd6 f6 {[%emt 0:00:24] Black is more active.} 21. exf6 Qxa3 22. g3 Qxd6 23. Bg2 Rhf8 24. O-O Rxf6 25. Be3 e5 {[%emt 0:21:57] ...d4 would be deadly.} 26. Rfd1 Be6 27. Qb2 Rf7 28. Ra1 ({White should play} 28. Qb5 $15) 28... Rfd7 (28... b6 $17 29. Ra6 Rb7) 29. Ra4 $11 Qc7 30. Rc1 b6 31. Ra6 {[%emt 0:02:35][%cal Re3b6] Hoping for Bxb6!} d4 32. cxd4 Bd5 {[%emt 0:00:04] Strongly threatening ...Bxg2.} 33. Qb5 $2 (33. dxe5 $11 Qxe5 34. Qxe5+ Nxe5 35. Bxb6 axb6 36. Bxd5 Rxd5 37. Rxb6+ Ka7 38. Rxh6) 33... Nxd4 34. Qd3 $2 (34. Rxc7 Nxb5 35. Rxd7 Rxd7 36. Bh3) 34... Nf3+ $19 35. Bxf3 Bxf3 {[%emt 0:00:05][%mdl 64] Discovered Attack.   Weighted Error Value: White=0.62/Black=0.10 (very precise)} 0-1

[Event "Maharashtra Challenge Matches 2023"]
[Site "Nagpur"]
[Date "2023.06.03"]
[Round "3.1"]
[White "Vidit, Santosh Gujrathi"]
[Black "Svidler, Peter"]
[Result "1-0"]
[Annotator "TA"]
[ECO "A35"]
[WhiteElo "2731"]
[BlackElo "2683"]
[PlyCount "45"]
[EventDate "2023.06.03"]
[EventType "match"]
[EventCountry "IND"]
[SourceTitle "playchess.com"]
[Source "ChessBase"]
[SourceQuality "1"]
[TimeControl "40/5400+30:1800+30"]

1. Nf3 Nf6 2. c4 c5 3. Nc3 Nc6 4. d4 cxd4 5. Nxd4 Qb6 6. Nb3 e6 7. a3 d5 8. Be3 {[%emt 0:06:28] A31: Symmetrical English: 2 Nf3 Nf6 3 d4.} Qd8 9. cxd5 Nxd5 10. Nxd5 {[%emt 0:00:02] The position is equal.} exd5 11. g3 Be7 12. Bg2 Bf6 {[%emt 0:10:30] [#]} (12... Be6 {simplifies} 13. O-O O-O 14. Nc5 Bxc5 15. Bxc5 Re8) 13. Qxd5 $5 $146 {[%emt 0:31:19][%mdl 8] New and interesting.} (13. O-O {simplifies} Be6 14. Nc5 b6 15. Nxe6 fxe6 16. Bf4) ({Predecessor:} 13. Nd4 O-O 14. O-O Re8 15. Re1 Bg4 16. Rc1 Rc8 17. h3 Bh5 18. Qd2 Nxd4 19. Bxd4 Rxc1 20. Rxc1 Rxe2 21. Bxf6 gxf6 {½-½ Ivanchuk,V (2731)-Dobrov,V (2490) Vladimir Petrov Memorial op 2015 (6)}) 13... Bxb2 (13... Qxd5 $11 14. Bxd5 Bxb2) 14. Ra2 ({Better is} 14. Qxd8+ $16 Nxd8 15. Ra2) 14... Bc3+ $11 15. Bd2 Bf6 {[%emt 0:12:03] Strongly threatening ...Be6.} 16. Qxd8+ Nxd8 17. Nc5 Ne6 18. Na6 {[%emt 0:07:15] White has more active pieces. The black rooks are badly placed.} (18. Bxb7 $2 Bxb7 19. Nxb7 Rb8 20. Nd6+ Kd7 $19) (18. Nxb7 $5 Rb8 19. Bc6+ Bd7 20. Be4 $14 (20. Nd6+ Ke7 $14)) 18... O-O 19. Bb4 Rd8 20. Rd2 Nd4 (20... Rxd2 $14 21. Kxd2 Bd7 22. Bxb7 Rd8) 21. Nc7 $16 Rb8 22. Nd5 Bf5 {[%emt 0:01:04] [#]} (22... Be6 $16 23. Nxf6+ gxf6) 23. Rxd4 $1 {[%emt 0:01:36][%mdl 576] Deflection.   Weighted Error Value: White=0.08 (flawless) /Black=0.25 (precise)} 1-0

[Event "Maharashtra Challenge Matches 2023"]
[Site "Nagpur"]
[Date "2023.06.03"]
[Round "3.1"]
[White "Short, Nigel D"]
[Black "Sadhwani, Raunak"]
[Result "0-1"]
[Annotator "TA"]
[ECO "B24"]
[WhiteElo "2597"]
[BlackElo "2627"]
[PlyCount "82"]
[EventDate "2023.06.03"]
[EventType "match"]
[EventCountry "IND"]
[SourceTitle "playchess.com"]
[Source "ChessBase"]
[SourceQuality "1"]
[TimeControl "40/5400+30:1800+30"]

1. e4 c5 2. Nc3 Nc6 3. Bb5 Nd4 4. Nf3 e6 5. O-O a6 6. Bd3 Nc6 {[%emt 0:00:03] B30: Sicilian: 2...Nc6 3 Bb5, lines without ...g6.} 7. Nd5 g6 {[%emt 0:03:37] [#]} 8. Re1 $1 Bg7 {[%emt 0:00:28] The position is equal.} (8... d6 9. Ne3) 9. c3 d6 10. Ne3 Nge7 {[%emt 0:05:07] [#]} 11. a3 $146 ({Predecessor:} 11. Bc2 e5 12. a3 O-O 13. d3 Kh8 14. b4 b5 15. Bb2 Bb7 16. Bb3 h6 17. Qd2 {0-1 Jones,G (2670)-Navara,D (2697) EU-ch Final Online 2020 (3.4)}) 11... O-O 12. b4 b5 13. Bf1 c4 14. d4 cxd3 15. Qxd3 f5 (15... d5 $5 ) 16. Bb2 fxe4 17. Qxe4 d5 18. Qc2 Rxf3 19. gxf3 Qf8 $1 20. Bg2 g5 21. a4 {[%emt 0:06:37] [#] axb5 is the strong threat.} Rb8 22. axb5 axb5 23. Nf1 (23. Qd2 $14) 23... Ng6 $11 24. Ng3 Qf7 25. Bc1 h6 26. Be3 Nh4 27. Bc5 {[%emt 0:00:39] Bd6 would be deadly.} Bb7 28. Qd3 Rd8 29. Bh1 (29. Qxb5 Bxc3 30. Qb6 Bxa1 31. Rxa1 Rd7 $17) (29. Ra3 $11) 29... d4 $17 30. c4 {[%emt 0:11:02][%mdl 8192] This costs White the game.} (30. Bb6 $17 Rd7 31. Rad1 (31. Qxb5 $2 Nxf3+ 32. Kf1 dxc3 $19)) 30... bxc4 $19 (30... Ne5 31. Rxe5 bxc4 32. Qxc4 (32. Qe2 $2 d3 $19) 32... Bxe5 33. Ra3 $19) 31. Qxc4 Ne5 (31... Nxf3+ 32. Bxf3 Qxf3 33. Rxe6 $17) (31... d3 $142 32. Ra2 Nd4 33. Bxd4 {[%mdl 64] Remove Defender} Rxd4 34. Qxe6 Qxe6 35. Rxe6 Bd5) 32. Rxe5 Bxe5 33. Ra3 Bg7 (33... Nxf3+ 34. Bxf3 Bxg3 35. fxg3 $11) 34. Qe2 Ng6 35. Nh5 $2 (35. Ra7 Nf4 36. Qd2) 35... Bh8 {[%emt 0:02:02] Strongly threatening ...Ne5.} 36. f4 $2 (36. Qf1) 36... Bxh1 (36... gxf4 37. Bxb7 Qxb7 38. Qg4 $11 (38. Qxe6+ Qf7 $11)) 37. Kxh1 Qf5 {[%emt 0:00:43] aiming for ...d3.} (37... gxf4 38. Qe4 $17) (37... Nxf4 38. Nxf4 gxf4 39. Qd3 $17) 38. fxg5 (38. Qd3 $142 Qxd3 39. Rxd3 gxf4 40. Kg2) 38... d3 {[%emt 0:01:30] Black is clearly winning.} ({Worse is} 38... hxg5 39. Qd3 $19) 39. Qd1 Nh4 {[%emt 0:01:08] ( -> ...Qe4+)} 40. Ng3 {[%emt 0:01:38] Inhibits Qe4+.} Qd5+ ({Less strong is} 40... Qxg5 41. Rxd3 Rxd3 42. Qxd3 $14) 41. f3 Nxf3 {[%emt 0:30:11] Weighted Error Value: White=0.64/Black=0.19 (very precise)} ({Stronger than} 41... Qxf3+ 42. Qxf3 Nxf3 43. Ne4 $17) 0-1

[Event "Maharashtra Challenge Matches 2023"]
[Site "Nagpur"]
[Date "2023.06.04"]
[Round "4.1"]
[White "Svidler, Peter"]
[Black "Vidit, Santosh Gujrathi"]
[Result "1/2-1/2"]
[Annotator "TA"]
[ECO "A20"]
[WhiteElo "2683"]
[BlackElo "2731"]
[PlyCount "73"]
[EventDate "2023.06.03"]
[EventType "match"]
[EventCountry "IND"]
[SourceTitle "playchess.com"]
[Source "ChessBase"]
[SourceQuality "1"]
[TimeControl "40/5400+30:1800+30"]

1. c4 e5 2. g3 Nf6 3. Bg2 c6 4. d4 e4 5. a3 d5 6. Nc3 {[%emt 0:00:27] A20: English Opening: 1...e5.} Be7 7. f3 exf3 8. Nxf3 O-O 9. O-O h6 10. Nh4 dxc4 {[%emt 0:01:51] [#]} 11. Nf5 $146 ({Predecessor:} 11. e4 Bg4 12. Bf3 Bh3 13. Bg2 Bg4 14. Qd2 Ne8 15. h3 Bh5 16. Qf2 Nd7 17. Be3 {0-1 Niemann,H (2642)-Esipenko,A (2714) Airthings Masters Prelim rapid 2022 (9)}) 11... Bxf5 12. Rxf5 {[%emt 0:00:38] [#]} c5 $1 13. d5 (13. Bxb7 {looks sharper.} Qd7 14. Bxa8 Qxf5 15. e4) 13... Bd6 14. Nb5 (14. Bf4 $11) 14... Re8 $1 $15 15. Nxd6 Qxd6 16. Bf4 Qb6 (16... Qa6 $5 ) 17. d6 Nbd7 (17... Qxb2 18. Rb1 Qc3 19. Bxb7 $16 (19. Rxc5 Nbd7 $11)) 18. Qd2 Re6 {[%emt 0:04:36] Threatens to win with ...g5.} 19. e4 Rae8 (19... Nxe4 $17 20. Bxe4 Rxe4 21. Bxh6 Re6 22. Bxg7 Kxg7) 20. e5 Nxe5 (20... c3 $15 {was preferrable.} 21. bxc3 (21. Qxc3 Ng4 $17) 21... Ng4) 21. Rxe5 {[%emt 0:02:31] The position is equal.} Rxe5 22. Bxe5 Rxe5 23. d7 Nxd7 {[%emt 0:15:35][%mdl 64] [#] Deflection} 24. Qxd7 Qxb2 25. Rd1 {[%emt 0:00:10][%cal Og2e4] Be4! is the strong threat.} (25. Qxb7 Qd4+ 26. Kf1 Qxa1+) 25... Qxa3 {[%emt 0:02:19] Hoping for ...Qe3+.} 26. Qc8+ (26. Bd5 $2 Qe3+ 27. Kh1 Qf2 $19) 26... Kh7 {[%emt 0:00:02] And now ...Qe3+ would win.} 27. Be4+ {[%emt 0:00:10][%mdl 64] Decoy, Back Rank} g6 $1 {[%emt 0:00:07] ( -> ...Qe3+)} 28. Qxb7 Kg7 {[%emt 0:00:39] White must now prevent ...Qe3+.} (28... Qe3+ $2 29. Kf1 Kg7 30. Rd7 $18) 29. Rd7 (29. Rf1 $5 Qe3+ $8 30. Rf2 Qe1+ 31. Rf1 Qe3+ 32. Rf2 Qe1+ 33. Rf1 Qe3+ $11) 29... Qa1+ $1 (29... Qe3+ $2 30. Kf1 Kf6 31. Rxf7+ Kg5 32. h4+ Kg4 33. Rf4+ (33. Bxg6 $2 Qe1+ 34. Kg2 Re2+) 33... Kxg3 34. Rf3+ $18) 30. Kf2 (30. Kg2 $5 Qa2+ $8 31. Kf3 $11) 30... Qa2+ 31. Kf3 {[%emt 0:00:09] Active counter play!} c3 (31... Qxh2 32. Rxf7+ Kg8 33. Rg7+ Kh8 34. Rh7+ Kg8 35. Qg7#) 32. Rd6 Re6 (32... Qxh2 {gets mated.} 33. Rxg6+ Kf8 34. Qb8+ Re8 35. Qd6+ (35. Qxa7 $2 Qh5+ 36. Rg4 c2 $19) 35... Re7 36. Rxh6 Qd2 37. Rh8+ Kg7 38. Rh7+ Kf8 39. Qf6) 33. Qd5 {[%emt 0:02:30] The board is on fire.} Rf6+ 34. Rxf6 Qxd5 (34... Qxh2 $2 {is a self mate.} 35. Qxf7+ Kh8 36. Qf8+ Kh7 37. Bxg6#) 35. Bxd5 c2 36. Rxf7+ Kh8 {[%emt 0:00:04] ...h5 would be deadly.} 37. Rf8+ {[%emt 0:01:50] An interesting game.   Weighted Error Value: White=0.07 (flawless) /Black=0.07 (flawless)} (37. Rxa7 $2 {too greedy.} c1=Q 38. Be4 Qh1+ 39. Kf4 Qxh2 $19) 1/2-1/2

[Event "Maharashtra Challenge Matches 2023"]
[Site "Nagpur"]
[Date "2023.06.04"]
[Round "4.1"]
[White "Sadhwani, Raunak"]
[Black "Short, Nigel D"]
[Result "1/2-1/2"]
[Annotator "TA"]
[ECO "E04"]
[WhiteElo "2627"]
[BlackElo "2597"]
[PlyCount "78"]
[EventDate "2023.06.03"]
[EventType "match"]
[EventCountry "IND"]
[SourceTitle "playchess.com"]
[Source "ChessBase"]
[SourceQuality "1"]
[TimeControl "40/5400+30:1800+30"]

1. d4 Nf6 2. c4 e6 3. Nf3 d5 4. g3 dxc4 5. Bg2 Bd7 6. Ne5 Nc6 {[%emt 0:00:12] E04: Open Catalan: 5 Nf3.} 7. Nxc4 b5 {[%emt 0:00:37] [#]} 8. Nca3 $146 (8. Ne5 $5 Nd5 9. O-O $14) ({Predecessor:} 8. Ne5 Nxe5 9. dxe5 Nd5 10. O-O Be7 11. a4 bxa4 12. Nc3 Nxc3 13. bxc3 Rb8 14. Rxa4 Bxa4 15. Qxa4+ {1-0 Halkias,S (2530)-Nabaty,T (2658) EU-chT 22nd Batumi 2019 (6.3)}) 8... Rb8 {[%emt 0:01:15] White has an edge.} 9. O-O e5 10. dxe5 Nxe5 11. Qd4 Bd6 12. Qxa7 O-O 13. Nc2 Re8 14. Qd4 $1 Bg4 15. Qd1 Bc5 (15... b4 $11) 16. b4 $14 Bb6 17. Qxd8 Rbxd8 18. Nc3 Nc4 {[%emt 0:01:48] Prevents Be3.} 19. Bc6 Bxe2 (19... Bd7 $14 20. Bxd7 Rxd7) 20. Re1 ({White has to play} 20. Bxe8 $16 Bxf1 21. Bxb5) 20... Ne5 $1 $36 {[%emt 0:08:41][%mdl 2048] Black has the initiative.} 21. Rxe2 Nxc6 22. Rxe8+ Rxe8 23. Be3 {[%emt 0:00:45] Against Nd4} Bxe3 24. Nxe3 Re5 25. a3 Nd4 26. Rd1 Ne6 27. h4 h6 28. Kg2 (28. Rd3 $5 g5 29. f3 $14) 28... g5 {[%emt 0:00:13] [#]} 29. h5 $1 g4 30. Ncd5 Nxh5 31. Ne7+ Kf8 32. N7f5 (32. Nxg4 $2 {perishes.} Rg5 33. Nxh6 Kxe7 $19) 32... Nf6 33. Nxh6 Rg5 34. Nhf5 Rh5 35. Rc1 Ke8 36. Rc6 {[%cal Oc6e6] Threatens to win with Rxe6+!} Kd7 {[%emt 0:00:15] The position is equal.} 37. Ra6 Nd5 {[%emt 0:00:54][%mdl 64] [#] Deflection} 38. Nxd5 {[%emt 0:02:57] aiming for Nf6+.} Rxf5 39. Ne3 Rg5 {[%emt 0:00:11] Weighted Error Value: White=0.15 (very precise) /Black=0.12 (very precise)} 1/2-1/2

[Event "Maharashtra Challenge Matches 2023"]
[Site "Nagpur"]
[Date "2023.06.05"]
[Round "5.1"]
[White "Short, Nigel D"]
[Black "Sadhwani, Raunak"]
[Result "1/2-1/2"]
[Annotator "TA"]
[ECO "A05"]
[WhiteElo "2597"]
[BlackElo "2627"]
[PlyCount "51"]
[EventDate "2023.06.03"]
[EventType "match"]
[EventCountry "IND"]
[SourceTitle "playchess.com"]
[Source "ChessBase"]
[SourceQuality "1"]
[TimeControl "40/5400+30:1800+30"]

1. Nf3 Nf6 2. g3 g6 3. Bg2 Bg7 4. O-O O-O 5. c4 Nc6 6. Nc3 d5 7. cxd5 Nxd5 8. a3 {[%emt 0:03:31] A16: English Opening: 1...Nf6 with ...d5.} a5 9. Nxd5 (9. d4 {seems wilder.} e5 10. Nxd5 e4 11. Ne5) 9... Qxd5 10. d3 {[%emt 0:00:22] The position is equal.} a4 11. Rb1 {[%emt 0:00:33] [#]} Qh5 $146 ({Predecessor:} 11... Rd8 12. Bf4 Qa5 13. b4 axb3 14. Qxb3 h6 15. Rfc1 g5 16. Be3 Qxa3 17. Qc2 Qa2 {½-½ Boyd,J (2145)-Marconi,R (2020) CAN-ch773 S email 2020}) 12. Bd2 Be6 13. Bc3 Bb3 14. Qd2 e5 15. h3 (15. Ng5 $14) 15... Qf5 $11 16. Qe3 Bd5 ({Black should play} 16... Qe6 $11) 17. Qc5 $1 $14 Be6 18. Nh4 Qh5 19. Bf3 Qh6 20. Bxc6 bxc6 21. Bxe5 (21. Rfe1 $5 ) 21... Qh5 22. Nf3 f6 (22... Rfe8 $11) 23. Bd4 {[%emt 0:00:31] Qxh5 would be deadly. White is slightly better.} ({Much worse is} 23. Qxc6 Bxh3 24. Bc3 Bxf1 25. Rxf1 Rfe8 $11) 23... Qxc5 24. Bxc5 Rfb8 25. Bd4 Bxh3 26. Rfc1 {[%emt 0:00:22] Weighted Error Value: White=0.12 (very precise) /Black=0.16 (very precise)} 1/2-1/2